 Dungeon Crawl Stone Soup version 0.16-a0-3458-g6d2551d (console) character file.

171 MarvinPA the Chopper (level 5, -2/47 HPs)
             Began as a Hill Orc Fighter on Jan 1, 2015.
             Was a Follower of Qazlal.
             Slain by an adder (3 damage)
             ... on level 4 of the Dungeon.
             The game lasted 00:07:12 (2474 turns).

MarvinPA the Chopper (Hill Orc Fighter)             Turns: 2474, Time: 00:07:13

Health: -2/47      AC:  9    Str: 22    XL:     5   Next: 51%
Magic:  5/5        EV:  7    Int:  8    God:    Qazlal [*.....]
Gold:   110        SH: 11    Dex: 10    Spells: 0 memorised, 4 levels left

rFire  . . .     SeeInvis .     a - +0 war axe
rCold  . . .     Clarity  .     b - +0 scale mail
rNeg   . . .     SustAb   .     c - +0 shield
rPois  .         Gourm    .     (no helmet)
rElec  .         Spirit   .     y - +0 cloak
rCorr  .         Warding  .     n - +0 pair of gloves
rMut   .         Stasis   .     (no boots)
MR     .....                    (no amulet)
Stlth  ..........               B - +2 ring of strength
                                j - ring of teleport control

@: flying, very slightly contaminated, not resistant to hostile enchantments,
extremely unstealthy
A: no striking features
a: Renounce Religion, Evoke Teleport Control


You were on level 4 of the Dungeon.
You worshipped Qazlal.
Qazlal was aware of your devotion.
You were very hungry.

You visited 1 branch of the dungeon, and saw 4 of its levels.

You collected 110 gold pieces.


   Skills:
 - Level 4.7 Fighting
 + Level 5.2 Axes
 + Level 4.6 Armour
 - Level 3.2 Shields


You had 4 spell levels left.
You didn't know any spells.

Inventory:

Hand weapons
 a - a +0 war axe (weapon)
Missiles
 f - 3 javelins (quivered)
 x - 10 poisoned needles
 A - 2 tomahawks
Armour
 b - a +0 scale mail (worn)
 c - a +0 shield (worn)
 n - a +0 pair of gloves (worn)
 y - a +0 cloak (worn)
Jewellery
 j - a ring of teleport control (left hand)
 l - an uncursed ring of magical power
 B - a +2 ring of strength (right hand)
Scrolls
 h - 8 scrolls of identify {unknown}
 i - 2 scrolls of magic mapping {unknown}
 k - a scroll of blinking {unknown}
 o - a scroll of teleportation {unknown}
 p - a scroll of noise {unknown}
 s - 3 scrolls of random uselessness {unknown}
 t - 4 scrolls of remove curse {unknown}
 v - a scroll of amnesia {unknown}
 w - a scroll of enchant weapon {unknown}
Potions
 e - a potion of might
 q - a potion of poison {!q}
Comestibles
 d - 2 meat rations
 m - a bread ration
 z - a chunk of flesh {@w1}

Dungeon Overview and Level Annotations

Branches:
Dungeon (4/15)
 Temple: D:4-7

Altars:
Cheibriados
Dithmenos
Makhleb
Qazlal
Sif Muna
Zin

Shops:
D:3 *

Annotations:
D:4 Edmund

... #.. .B. #.# #.# #(# #.
#.# ###.#### #S#
.......#### #o#
..........# #@#
....>..##.# #g#
.......##.# #W# ##
.......##.######(#####...#
.....<.##........(..(.....
............###.#(........
###.##.##...# #.((###.....
#. #.#....# ###(# .<.


You could see Edmund, a phantom, a worker ant, an adder and a goblin.


Message History

You closely miss Edmund.
Edmund is severely wounded.
You block Edmund's attack.
You hit Edmund but do no damage.
Edmund is severely wounded.
Edmund hits you with a flail of protection.
* * * LOW HITPOINT WARNING * * *
You are feeling very hungry.
You closely miss Edmund.
Edmund is severely wounded.
You flicker for a moment.
You block Edmund's attack.
You hit Edmund but do no damage.
Edmund is severely wounded.
You block Edmund's attack.
Your shield and scale mail prevent you from hitting Edmund.
Edmund is severely wounded.
You block Edmund's attack.
You hit Edmund but do no damage.
Edmund is severely wounded.
You flicker back into view.
You block Edmund's attack.
The phantom blinks!
An adder comes into view.
A worker ant comes into view.
The worker ant twitches its antennae in your direction.
There is a stone staircase leading down here.
Edmund hits you with a flail of protection.
* * * LOW HITPOINT WARNING * * *
The adder bites you.
You die...

Action                   |  1- 3 |  4- 6 || total
-------------------------+-------+-------++-------
Melee: War axe           |   140 |   186 ||   326
  Use: Potion            |       |     5 ||     5
 Stab: Invisible         |       |     1 ||     1
  Eat: Chunk             |     1 |     4 ||     5

Vault maps used:
D:1:      arrival_aquarium_b, corexii_leaking_fountain
D:2:      nicolae_overflow_crystal_walls, grunt_qazlal_sundering,
          overflow_temple_1_default, overflow_temple_1_default
D:3:      zin_purify, lemuel_crystal_altar
D:4:      first_bread, minmay_box_of_dots, uniq_grinder, uniq_edmund

Notes
Turn   | Place    | Note
--------------------------------------------------------------
     0 | D:1      | MarvinPA, the Hill Orc Fighter, began the quest for the Orb.
     0 | D:1      | Reached XP level 1. HP: 19/19 MP: 1/1
     3 | D:1      | Noticed an electric eel
    12 | D:1      | Noticed an electric eel
    73 | D:1      | Reached skill level 3 in Axes
   153 | D:1      | Reached skill level 4 in Fighting
   153 | D:1      | Reached XP level 2. HP: 25/27 MP: 2/2
   464 | D:1      | Reached XP level 3. HP: 34/34 MP: 3/3
   979 | D:2      | Reached skill level 4 in Axes
  1120 | D:2      | Found a snail-covered altar of Cheibriados.
  1130 | D:2      | Found a stormy altar of Qazlal.
  1153 | D:2      | Became a worshipper of Qazlal Stormbringer
  1184 | D:2      | Found a burning altar of Makhleb.
  1198 | D:2      | Reached XP level 4. HP: 28/41 MP: 4/4
  1308 | D:2      | Found a deep blue altar of Sif Muna.
  1592 | D:3      | Found a shadowy altar of Dithmenos.
  1672 | D:3      | Reached skill level 4 in Armour
  1688 | D:3      | Acquired Qazlal's first power
  1701 | D:3      | Reached XP level 5. HP: 47/47 MP: 5/5
  2024 | D:3      | Found Zin's Purification Station.
  2027 | D:3      | Found a glowing silver altar of Zin.
  2162 | D:3      | Reached skill level 5 in Axes
  2396 | D:4      | Noticed a phantom
  2403 | D:4      | Noticed Edmund
  2461 | D:4      | HP: 2/47 [Edmund/flail of protection (3)]
  2466 | D:4      | HP: 2/47 [Edmund/flail of protection (1)]
  2474 | D:4      | HP: 1/47 [Edmund/flail of protection (3)]
  2474 | D:4      | Slain by an adder

Vanquished Creatures
  An orc wizard (D:3)
  4 adders
  4 worms
  4 giant geckos
  An ooze (D:2)
  4 orcs (D:3)
  5 giant cockroaches
  15 goblins
  9 hobgoblins
  2 jackals (D:1)
  2 quokkas
  8 bats
  5 giant newts
  6 kobolds
  3 rats
73 creatures vanquished.
